 Dungeon Crawl Stone Soup version 0.17.0-28-g6e173f8 (webtiles) character file.

70 Ivanskos the Shield-Bearer (level 4, 0/43 HPs)
             Began as a Deep Dwarf Fighter on Dec 2, 2015.
             Slain by an orc
             ... wielding a +0 flail
              (3 damage)
             ... on level 3 of the Dungeon.
             The game lasted 00:04:27 (1083 turns).

Ivanskos the Shield-Bearer (Deep Dwarf Fighter)     Turns: 1083, Time: 00:04:27

Health: 0/43       AC:  6    Str: 20    XL:     4   Next: 3%
Magic:  4/4        EV:  7    Int:  9    God:
Gold:   107        SH:  9    Dex: 12    Spells: 0 memorised, 3 levels left

rFire  . . .     SeeInvis .     a - +0 flail
rCold  . . .     Clarity  .     b - +0 scale mail
rNeg   . . .     SustAt   .     c - +0 shield
rPois  .         Gourm    .     (no helmet)
rElec  .         Spirit   .     (no cloak)
rCorr  .         Warding  .     (no gloves)
rMut   .         Stasis   .     (no boots)
MR     .....                    (no amulet)
Stlth  ..........               (no ring)
                                (no ring)

@: non-regenerating, not resistant to hostile enchantments, extremely unstealthy
A: damage resistance, recharge devices, sense surroundings 1, slow regeneration
3
a: Device Recharging


You were on level 3 of the Dungeon.
You were hungry.

You visited 1 branch of the dungeon, and saw 3 of its levels.

You collected 107 gold pieces.

Inventory:

Hand Weapons
 a - a +0 flail (weapon)
Armour
 b - a +0 scale mail (worn)
 c - a +0 shield (worn)
Jewellery
 j - an uncursed ring of fire {unknown}
Wands
 e - a wand of heal wounds (5)
Scrolls
 g - a scroll of enchant weapon {unknown}
 i - a scroll of noise {unknown}
 n - a scroll of teleportation {unknown}
 p - 2 scrolls of magic mapping {unknown}
 q - a scroll of remove curse {unknown}
 t - 2 scrolls of identify {unknown}
 u - a scroll of enchant armour {unknown}
 x - a scroll of amnesia {unknown}
Potions
 d - 2 potions of might
 h - a potion of flight {unknown}
 k - a potion of magic {unknown}
 l - a potion of haste {unknown}
 m - 2 potions of agility {unknown}
 o - a potion of invisibility {unknown}
 s - a potion of heal wounds {unknown}
 v - a potion of curing {unknown}
 z - a potion of degeneration {unknown}
Comestibles
 f - 2 bread rations
 r - a meat ration
 w - a slice of pizza


   Skills:
 * Level 3.6 Fighting
 + Level 2.8 Maces & Flails
 + Level 3.4 Armour
 + Level 3.8 Shields


You had 3 spell levels left.
You didn't know any spells.

Dungeon Overview and Level Annotations

Branches:
Dungeon (3/15)

Altars:
Dithmenos


Innate Abilities, Weirdness & Mutations

You are resistant to damage.
You can recharge devices by infusing magical energy.
You passively map a small area around you.
You do not regenerate naturally.


Message History

Your shield prevents you from hitting the orc.
The giant gecko bites you. The orc hits you with a flail.
* * * LOW HITPOINT WARNING * * *
The giant gecko barely misses you.
You are too injured to fight recklessly!
You are too injured to fight recklessly!
You sock the giant gecko!
You kill the giant gecko!
You hit the orc.
The orc is moderately wounded.
The orc hits you with a flail.
* * * LOW HITPOINT WARNING * * *
You closely miss the orc.
The orc is moderately wounded.
The orc hits you with a flail.
* * * LOW HITPOINT WARNING * * *
You hit the orc.
The orc is severely wounded.
The orc hits you with a flail.
You die...

...# * # ...* #.
##.. , ###..#...
, .....#..# *,
*#..<..# , *
#....[# . #
#.#o###.#* * , ,
..#.#.#@..[.#,, ,
, ....#.#.#####*,
* ,* ** #(..#...#
, * , ###...#.# *
.. #.......# * ,
,
....####.#..>###,
* ,
........<#.### ,
, * ##.###.##.# *
, #....# * ,


You could see an orc.

Vanquished Creatures
  2 adders (D:2)
  A worm (D:2)
  3 giant geckos
  2 giant cockroaches
  3 goblins
  4 hobgoblins
  11 jackals
  A quokka (D:2)
  2 ball pythons
  3 bats
  A giant newt (D:2)
  6 kobolds
  3 rats
42 creatures vanquished.

Notes
Turn   | Place    | Note
--------------------------------------------------------------
     0 | D:1      | Ivanskos the Deep Dwarf Fighter began the quest for the Orb.
     0 | D:1      | Reached XP level 1. HP: 20/20 MP: 1/1
   133 | D:1      | Reached XP level 2. HP: 22/28 MP: 2/2
   567 | D:2      | Found a shadowy altar of Dithmenos.
   584 | D:2      | Reached XP level 3. HP: 19/34 MP: 3/3
  1001 | D:2      | Reached XP level 4. HP: 15/43 MP: 4/4
  1083 | D:3      | Slain by an orc

Action                   |  1- 3 |  4- 6 || total
-------------------------+-------+-------++-------
Melee: Flail             |   141 |     8 ||   149
